 Dungeon Crawl Stone Soup version 0.14-a0-3295-g3fd807f (webtiles) character file.

510 Psiweapon the Bolt Thrower (level 6, 0/34 HPs)
             Began as a Kobold Hunter on Mar 14, 2014.
             Succumbed to a scorpion's poison
             ... on Level 4 of the Dungeon.
             The game lasted 00:09:18 (2941 turns).

Psiweapon the Bolt Thrower (Kobold Hunter)          Turns: 2941, Time: 00:09:18

HP   0/34        AC  3     Str 11      XL: 6   Next: 74%
MP   6/6         EV 16     Int  9      God:
Gold 191         SH  0     Dex 18      Spells:  0 memorised,  5 levels left

rFire  . . .     SeeInvis .     b - +1 crossbow
rCold  . . .     Clarity  .     d - +0 leather armour
rNeg   + . .     Conserve .     (no shield)
rPois  .         rCorr    .     (no helmet)
rElec  .         rRot     .     (no cloak)
SustAb . .       Spirit   .     (no gloves)
rMut   .         Warding  .     (no boots)
Saprov + + .     Stasis   .     (no amulet)
MR     .....                    (no ring)
                                x - ring of positive energy

@: lethally poisoned, not resistant to hostile enchantments, fairly stealthy
A: disease resistance, carnivore 3, saprovore 2
a: no special abilities


You were on level 4 of the Dungeon.
You were very full.

You visited 1 branch of the dungeon, and saw 4 of its levels.

You collected 191 gold pieces.

Inventory:

Hand weapons
 a - a +0,+0 short sword
 b - a +1,+1 crossbow (weapon)
Missiles
 c - 8 bolts (quivered)
 o - 36 sling bullets
Armour
 d - a +0 leather armour (worn)
Comestibles
 f - a meat ration
 g - 12 sultanas
 s - 4 rotting chunks of orc flesh
Scrolls
 j - a scroll of fear {unknown}
 l - 3 scrolls of remove curse {unknown}
 m - a scroll of amnesia {unknown}
 n - a scroll of enchant armour {unknown}
 q - a scroll of immolation {unknown}
 r - a scroll of blinking {unknown}
Jewellery
 x - a ring of positive energy (left hand)
Potions
 e - 3 potions of curing
 k - a potion of might
 p - a potion of haste


   Skills:
 - Level 1.1 Fighting
 + Level 7.3 Crossbows
 + Level 5.7 Dodging
 - Level 1.3 Stealth


You had 5 spell levels left.
You didn't know any spells.

Dungeon Overview and Level Annotations

Branches:
Dungeon (4/15)
 Temple: D:4-7

Altars:
The Shining One


Innate Abilities, Weirdness & Mutations

You recuperate from illness quickly.
You are small and have problems with some larger weapons.
You are carnivorous and can eat meat at any time.
You can eat rotten meat.


Message History

Aim: a scorpion (moderately wounded)
You shoot a bolt of frost. The bolt of frost hits the scorpion.
The scorpion is almost dead.
* * * LOW HITPOINT WARNING * * *
You feel sick. The scorpion stings you.
* * * LOW HITPOINT WARNING * * *
Unknown command.
Firing (i - inventory. (,) - cycle):
h - a bolt of frost (quivered)
Press: ? - help, Shift-Dir - straight line, f/p - scorpion
Aim: a scorpion (almost dead)
You shoot a bolt of frost. The bolt of frost misses the scorpion.
* * * LOW HITPOINT WARNING * * *
You feel sick. The scorpion stings you.
* * * LOW HITPOINT WARNING * * *
Firing (i - inventory):
c - 9 bolts (quivered)
Press: ? - help, Shift-Dir - straight line, f/p - scorpion
Aim: a scorpion (almost dead)
You shoot a bolt. The bolt hits the scorpion.
You kill the scorpion!
You die...

#.. #.# #.# #.#
#%####### #
#........
...####.)....#
.........%....#.#
#..@........
#.#......### #
#.##..## #.# .#
..# # .## . #. .


There were no monsters in sight!

Vanquished Creatures
  A scorpion (D:4)
  An orc priest (D:3)
  3 orc wizards (D:3)
  5 adders
  A giant mite (D:3)
  A worm (D:3)
  5 giant geckos
  2 oozes (D:2)
  7 orcs (D:3)
  8 giant cockroaches
  12 goblins
  10 hobgoblins
  5 jackals
  2 quokkas (D:3)
  A ball python (D:2)
  8 bats
  5 giant newts
  4 kobolds
  10 rats
91 creatures vanquished.

Notes
Turn   | Place    | Note
--------------------------------------------------------------
     0 | D:1      | Psiweapon, the Kobold Hunter, began the quest for the Orb.
     0 | D:1      | Reached XP level 1. HP: 12/12 MP: 1/1
   154 | D:1      | Reached skill level 5 in Crossbows
   259 | D:1      | Reached XP level 2. HP: 16/16 MP: 2/2
   569 | D:1      | Reached XP level 3. HP: 20/20 MP: 3/3
  1093 | D:2      | Reached XP level 4. HP: 25/25 MP: 4/4
  1344 | D:2      | Found a glowing golden altar of the Shining One.
  1490 | D:2      | Reached skill level 6 in Crossbows
  1866 | D:2      | Reached XP level 5. HP: 29/29 MP: 5/5
  2779 | D:4      | Noticed an ogre
  2781 | D:4      | Noticed a phantom
  2783 | D:3      | Reached skill level 7 in Crossbows
  2783 | D:3      | Reached skill level 5 in Dodging
  2783 | D:3      | Reached XP level 6. HP: 17/34 MP: 6/6
  2940 | D:4      | HP: 1/34 [scorpion (2)]
  2941 | D:4      | Succumbed to a scorpion's poison

Action                   |  1- 3 |  4- 6 || total
-------------------------+-------+-------++-------
Melee: Short sword       |    34 |    18 ||    52
 Fire: Crossbow          |    56 |    93 ||   149
  Use: Scroll            |       |     3 ||     3
       Potion            |       |     1 ||     1
